 Dungeon Crawl Stone Soup version 0.23.0-2-g0fe3ce5 (webtiles) character file.

Game seed: 11040997116098760708

36 MalarOregon the Caller (level 3, 0/24 HPs)
             Began as a Merfolk Summoner on Feb 19, 2019.
             Succumbed to an adder's poison
             ... on level 2 of the Dungeon.
             The game lasted 00:02:40 (1075 turns).

MalarOregon the Caller (Merfolk Summoner)           Turns: 1075, Time: 00:02:41

Health: 0/24       AC:  4    Str: 13    XL:     3   Next: 37%
Magic:  1/7        EV: 13    Int: 15    God:
Gold:   53         SH:  0    Dex: 14    Spells: 4/7 levels left

rFire    . . .     SeeInvis .   c - +0 spear
rCold    . . .     Gourm    .   (no shield)
rNeg     . . .     Faith    .   a - +0 robe
rPois    .         Spirit   .   (no helmet)
rElec    .         Reflect  .   (no cloak)
rCorr    .         Harm     .   (no gloves)
MR       .....     Rnd*Rage +   (no boots)
Stlth    ++........             (no amulet)
HPRegen  0.08/turn              (no ring)
MPRegen  0.10/turn              (no ring)

@: mighty, lethally poisoned (0 -> -3), very slightly contaminated, invisible
A: change form in water, swift swim, stealthy swim, icy blue scales 1, berserk 1
a: no special abilities


You were on level 2 of the Dungeon.
You were hungry.

You visited 1 branch of the dungeon, and saw 2 of its levels.

You collected 53 gold pieces.

Inventory:

Hand Weapons
 c - a +0 spear (weapon)
   (You found it on level 1 of the Dungeon)
Armour
 a - a +0 robe (worn)
Scrolls
 d - 2 scrolls of enchant armour {unknown}
 f - a scroll of remove curse {unknown}
Comestibles
 e - a ration {!d}
 i - 3 chunks of flesh


   Skills:
 - Level 2.6 Dodging
 - Level 2.1 Stealth
 + Level 2.8 Spellcasting
 + Level 4.5 Summonings


You had 4 spell levels left.
You knew the following spells:

 Your Spells              Type           Power        Failure   Level  Hunger
a - Summon Small Mammal   Summ           ###.         3%          1    #......
x - Call Imp              Summ           ###.....     4%          2    ##.....

Your spell library contained the following spells:

 Spells                   Type           Power        Failure   Level  Hunger
 Call Canine Familiar     Summ           ###.....     10%         3    ###....
 Summon Guardian Golem    Hex/Summ       #.......     24%         3    ###....
 Summon Ice Beast         Ice/Summ       #.......     61%         4    #####..
 Summon Lightning Spire   Summ/Air       #.......     61%         4    #####..


Dungeon Overview and Level Annotations

Branches:
Dungeon (1/15)

Altars:


Innate Abilities, Weirdness & Mutations

You revert to your normal form in water You are very nimble and swift while swimming.
You are very stealthy in the water. (Stealth+)
You are partially covered in icy blue scales. (AC +2)
You tend to lose your temper in combat.


Message History

Your rat's corpse disappears in a puff of smoke!
Attack whom?
Aim: an adder (severely wounded)
You reach to attack!
You hit the adder.
The adder bites your crimson imp but does no damage.
Your crimson imp barely misses the adder.
Your rat misses the adder. The leopard gecko closely misses you.
Your crimson imp blinks!
You feel sick.
The adder misses something.
Your crimson imp closely misses the adder.
Your rat misses the adder.
The adder barely misses your crimson imp.
You swap places.
The adder completely misses your crimson imp.
Your crimson imp hits the adder.
The leopard gecko bites you.
* * * LOW HITPOINT WARNING * * *
The adder completely misses your crimson imp.
The adder bites your crimson imp.
Your rat bites the adder.
Your crimson imp hits the adder but does no damage.
It was a potion of invisibility.
You fade into invisibility!
* * * LOW HITPOINT WARNING * * *
You feel sick. The adder bites your crimson imp.
Your crimson imp hits the adder.
The adder dies!
The leopard gecko closely misses you.
The adder barely misses your crimson imp.
Your crimson imp barely misses the adder.
Your rat closely misses the leopard gecko.
You are very lightly contaminated with residual magic.
It was a potion of might.
You feel very mighty all of a sudden. The leopard gecko misses you.
Your crimson imp blinks!
Your rat bites the leopard gecko.
It was a potion of mutation.
You feel extremely strange.
You feel a little pissed off.
Icy blue scales grow over part of your body.
Your crimson imp blinks!
* * * LOW HITPOINT WARNING * * *
You feel sick.
Your crimson imp looks more healthy.
The adder barely misses your crimson imp.
Your crimson imp hits the adder but does no damage.
Your crimson imp blinks!
There is a lethal amount of poison in your body!
You aren't carrying any potions.
There is a lethal amount of poison in your body!
Your crimson imp blinks!
You die...

#####.#..## ...##...###
#..>..÷...# ...........
#.>...)...# #... ......
#.........# ###.###......
#.........###...#........
#........................
#....................%...
#.........#..##....§5....
#.........##..@..r.......
#.........##.............
###########........l....
#.###.#...#..# #.#
..#.#..... #. #.##.#..#..
# #. ......# #. .. ..# #.


You could see a leopard gecko, a friendly crimson imp and a friendly rat.

Vanquished Creatures
  A leopard gecko (D:1)
  A goblin (D:1)
  A hobgoblin (D:1)
  A frilled lizard (D:1)
  2 kobolds (D:1)
  2 rats
8 creatures vanquished.

Vanquished Creatures (collateral kills)
  2 adders (D:2)
  An ooze (D:1)
  2 dart slugs (D:2)
  A leopard gecko (D:1)
  A giant cockroach (D:1)
  3 goblins
  3 hobgoblins (D:1)
  2 kobolds (D:1)
  A quokka (D:2)
  A frilled lizard (D:1)
  2 rats (D:1)
19 creatures vanquished.

Grand Total: 27 creatures vanquished

Notes
Turn   | Place    | Note
-------+----------+-------------------------------------------
     0 | D:1      | MalarOregon the Merfolk Summoner began the quest for the
                  | Orb.
     0 | D:1      | Reached XP level 1. HP: 13/13 MP: 3/3
    87 | D:1      | Reached XP level 2. HP: 3/19 MP: 0/5
   348 | D:1      | Learned a level 2 spell: Call Imp
   929 | D:1      | You fall through a shaft!
   936 | D:2      | Reached XP level 3. HP: 22/24 MP: 0/6
  1071 | D:2      | Gained mutation: You tend to lose your temper in combat.
                  | [potion of mutation]
  1071 | D:2      | Gained mutation: You are partially covered in icy blue
                  | scales. (AC +2) [potion of mutation]
  1072 | D:2      | HP: 1/24 [poisoned by an adder]
  1075 | D:2      | Succumbed to an adder's poison

Action                   || total
-------------------------++-------
Melee: Spear             ||    59
       Tailslap          ||     1
 Cast: Summon Small Mamm ||    11
       Call Imp          ||    15
  Use: Potion            ||     3
 Stab: Sleeping          ||     1
  Eat: Chunk             ||     1
Armor: Robe              ||     7
Dodge: Dodged            ||    52
